Selects Italian Combined Arms Battlegroup
Selects Bersaglieri Squad
Kradschützen Motorcycle Team
Construct Light Support Kompanie
Selects Semovente da 75/18 Assault Gun
Semovente da 75/18 Assault Gun
Construct Mechanized Kompanie
254 Reconnaissance Tractor
Selects Bersaglieri Bolster
Construct Panzerarmee Kommand
Selects Breda Model 30 Light Machine Guns
Pak 38 Anti-tank Gun Team
18-tonne Recovery Half-track